cohdb
Replays
Latest Replays
All Replays
Popular Replays
Top Player Replays
Match Explorer
How It Works
Community
CoH3 Stats
Reddit
Sign in to upload your games and track your stats! →
Sign in with Steam
Match 46491387
Unlisted
Match 46491387
Overview
Messages
Build Orders
End
Construct Section Command Post
Vickers Machine Gun Team
Dingo Light Scout Car
Infantry Section
Infantry Section
Grenade Package
Infantry Section
Selects Canadian Shock Battlegroup
Selects Canadian Shock Battlegroup
Selects Canadian Shock Battlegroup
Selects Attacking Spirit
Selects Canadian Shock Section
Construct Platoon Command Post
Humber Armored Car
Selects Incendiary Munitions
6-pounder Anti-tank Gun Team
Humber Armored Car
Unlock M3 Stuart Light Tanks
M3 Stuart Light Tank
Light Vehicle Training
Royal Engineer Section
M3 Stuart Light Tank
Construct Company Command Post
帝国大机霸贝克尔少校
天天关注喵
Angrybirds
Demi
0
0
Comments
sign in to comment!
No comments posted yet!